 Dungeon Crawl Stone Soup version 0.19-a0-1654-g9d3f708 (webtiles) character file.

15028 junb69 the Fighter (level 11, -11/90 HPs)
             Began as a Mummy Necromancer on Sept 20, 2016.
             Was an Elder of Ashenzari.
             Mangled by a death yak (24 damage)
             ... on level 2 of the Lair of Beasts.
             The game lasted 01:11:49 (16901 turns).

junb69 the Fighter (Mummy Necromancer)             Turns: 16901, Time: 01:11:50

Health: -11/90     AC:  8    Str: 13    XL:     11   Next: 96%
Magic:  23/29      EV: 17    Int: 18    God:    Ashenzari [****..]
Gold:   468        SH:  2    Dex: 10    Spells: 5 memorised, 8 levels left

rFire  x . .     SeeInvis +     v - +7 quarterstaff of Success {crush, +Inv Str+2 Dex-3} (curse)
rCold  + . .     Gourm    .     a - +0 robe (curse)
rNeg   + + +     Faith    .     (shield currently unavailable)
rPois  ∞         Spirit   .     w - +0 helmet
rElec  .         Dismiss  .     u - +0 cloak (curse)
rCorr  .         Reflect  +     n - +0 pair of gloves (curse)
MR     +....     Harm     .     p - +2 pair of boots {Fly} (curse)
Stlth  ++++...... Clarity  +    x - +2 amulet of reflection (curse)
                                m - ring of magical power (curse)
                                h - ring of stealth (curse)

@: flying
A: no food or potions, fire vulnerability, cold resistance 1, negative energy
resistance 3, torment resistance, unbreathing
a: Curse Item, Scrying, Renounce Religion, Evoke Invisibility, Stop Flying


You were on level 2 of the Lair of Beasts.
You worshipped Ashenzari.
Ashenzari was greatly pleased with you.
You were not hungry.

You visited 3 branches of the dungeon, and saw 15 of its levels.
You also visited: Sewer and Ossuary.

You collected 740 gold pieces.
You spent 272 gold pieces at shops.

Inventory:

Hand Weapons
 v - the cursed +7 quarterstaff of Success (weapon) {crush, +Inv Str+2 Dex-3}
   (You found it on level 8 of the Dungeon)

   It inflicts extra damage upon your enemies.
   It affects your strength (+2).
   It affects your dexterity (-3).
   It lets you turn invisible.
   It has a curse placed upon it.
Armour
 a - a cursed +0 robe (worn)
 n - a cursed +0 pair of gloves (worn)
 p - a cursed +2 pair of boots of flying (worn)
 u - a cursed +0 cloak (worn)
 w - a +0 helmet (worn)
 A - a +2 ring mail of positive energy
Magical Staves
 q - an uncursed staff of conjuration
Jewellery
 h - a cursed ring of stealth (left hand)
 k - an uncursed ring of protection from magic
 m - a cursed ring of magical power (right hand)
 x - a cursed +2 amulet of reflection (around neck)
Wands
 c - a wand of polymorph (16/24)
 j - a wand of acid (6/15)
 o - a wand of disintegration (3/24)
 s - a wand of polymorph (18/24)
Scrolls
 d - a scroll of enchant weapon
 e - 5 scrolls of recharging
 f - 3 scrolls of fog
 g - 2 scrolls of fear
 i - 4 scrolls of teleportation
 r - a scroll of identify
 t - a scroll of magic mapping
 y - 4 scrolls of amnesia
 z - a scroll of blinking
Books
 b - a book of Necromancy

   Spells                             Type                      Level
   a - Pain                           Necromancy                   1
   b - Animate Skeleton               Necromancy                   1
   c - Vampiric Draining              Necromancy                   3
   d - Regeneration                   Charms/Necromancy            3
   e - Animate Dead                   Necromancy                   4
   f - Control Undead                 Necromancy                   4
 l - a book of Burglary

   Spells                             Type                      Level
   a - Swiftness                      Charms/Air                   2
   b - Passwall                       Transmutation/Earth          2
   c - Passage of Golubria            Translocation                4
   d - Lee's Rapid Deconstruction     Earth                        5
   e - Darkness                       Hexes                        6
   f - Invisibility                   Hexes                        6


   Skills:
 * Level 10.0 Fighting
 * Level 6.0(10.5) Staves
 * Level 8.9(11.1) Dodging
 - Level 4.5(6.7) Stealth
 - Level 6.0 Spellcasting
 - Level 9.0(12.3) Necromancy


You had 8 spell levels left.
You knew the following spells:

 Your Spells              Type           Power        Failure   Level  Hunger
a - Pain                  Necr           ####         1%          1    N/A
b - Vampiric Draining     Necr           #####.....   1%          3    N/A
c - Animate Dead          Necr           N/A          1%          4    N/A
d - Control Undead        Necr           #####.....   1%          4    N/A
e - Passwall              Tmut/Erth      #.........   14%         2    N/A

Dungeon Overview and Level Annotations

Branches:
Dungeon (10/15)            Temple (1/1) D:4            Lair (4/6) D:9
  Swamp (0/4) Lair:2       Spider (0/4) Lair:3
    Orc: D:9-12

Altars:
Ashenzari
Cheibriados
Dithmenos
Elyvilon
Fedhas
Gozag
Hepliaklqana
Kikubaaqudgha
Makhleb
Nemelex Xobeh
Okawaru
Qazlal
Ru
Sif Muna
Trog
Uskayaw
Vehumet
Xom
Yredelemnul
Zin
The Shining One

Shops:
D:8 [   D:9 %

Annotations:
D:5 1 exclusion, Grinder; Kokiki's ghost, amateur HuFi
D:6 5 runed doors
D:10 exclusion: gargoyle
Lair:2 exclusion: oklob plant
Lair:4 exclusion: fire dragon


Innate Abilities, Weirdness & Mutations

You do not eat or drink.
Your flesh is vulnerable to fire.
You are immune to poison.
Your flesh is cold resistant. (rC+)
You are immune to negative energy. (rN+++)
You are immune to unholy pain and torment.
You can survive without breathing.


Message History

You feel life coursing into your body. The death yak gores you!!
* * * LOW HITPOINT WARNING * * *
The death yak gores you!
* * * LOW HITPOINT WARNING * * *
Casting: Vampiric Draining
Confirm with . or Enter, or press ? or * to list all spells.
Aiming: Vampiric Draining
Press: ? - help, Shift-Dir - straight line, f/p - death yak
Aim: a death yak (lightly wounded)
The death yak is lightly wounded.
You feel life coursing into your body. The death yak gores you!
* * * LOW HITPOINT WARNING * * *
Casting: Vampiric Draining
Confirm with . or Enter, or press ? or * to list all spells.
Aiming: Vampiric Draining
Press: ? - help, Shift-Dir - straight line, f/p - death yak
Aim: a death yak (lightly wounded)
The death yak is lightly wounded.
You feel life coursing into your body. The death yak gores you!!
You die...

#.P.##..§§≈§≈≈.#
#.#....≈≈§§≈≈≈.# #
##.#....≈≈§§≈≈≈.#####
#P......≈≈≈≈§≈≈......
#.......≈≈≈≈§≈≈..>...
##......♣♣≈≈♣♣.......
#........♣≈≈♣........
##..+#..##.♣♣........
#P..@Y...............
#....................
##.....######........
#......# #.##....#
##.....## #........
##......# #........
#.......# #........
##.....## ##.P.....#
#.....# #P........


You could see a death yak.

Vanquished Creatures
  A centaur warrior (D:10)
  A death yak (Lair:3)
  A hill giant (D:10)
  3 spiny frogs
  2 rime drakes
  3 komodo dragons
  2 trolls (D:9)
  A two-headed ogre (D:10)
  4 hippogriffs
  5 blink frogs
  2 redbacks (Lair:3)
  13 yaks
  A wyvern (D:9)
  Eustachio (D:6)
  A hungry ghost (D:9)
  Edmund (D:6)
  4 water moccasins
  A soldier ant (D:8)
  5 porcupines
  Purgy (Sewer)
  3 orc warriors
  A sky beast (D:7)
  2 wasps (D:8)
  An ice beast (D:9)
  A black bear (D:6)
  2 ogres
  7 wolves
  3 centaurs
  5 crocodiles
  Blork the orc (D:6)
  2 big kobolds
  5 bullfrogs
  A water moccasin zombie (Ossuary)
  A water moccasin skeleton (D:8)
  2 scorpions
  4 wights (D:9)
  2 vampire bats (Lair:3)
  4 electric eels
  2 crimson imps (D:8)
  5 hounds
  A jelly (D:8)
  2 orc priests
  A quasit (D:8)
  A bullfrog skeleton (D:7)
  A centaur skeleton (D:6)
  7 iguanas
  4 orc wizards
  6 hell rats
  4 worker ants
  2 big kobold zombies (Ossuary)
  2 hound skeletons
  A mummy (Ossuary)
  A worker ant zombie (D:6)
  10 adders
  2 gnolls
  7 river rats
  3 shadow imps
  An ooze (D:5)
  8 adder zombies
  2 adder skeletons
  7 worms
  A dart slug (D:2)
  5 leopard geckos
  34 orcs
  7 giant cockroaches
  2 gnoll zombies (Ossuary)
  9 hobgoblins
  15 jackals
  4 quokkas
  2 ball pythons (D:1)
  10 bats
  9 frilled lizards
  7 goblins
  A hobgoblin zombie (Ossuary)
  A jackal skeleton (D:4)
  17 kobolds
  2 kobold zombies (Ossuary)
  5 orc zombies (Ossuary)
  A quokka zombie (D:8)
  14 rats
326 creatures vanquished.

Vanquished Creatures (collateral kills)
  A rime drake (Lair:2)
  A jumping spider (Lair:3)
  A blink frog (Lair:1)
  2 yaks
  An ogre (D:6)
  3 bullfrogs
  A scorpion (D:9)
  A jelly (D:9)
  2 iguanas
  9 river rats
  2 orcs
  2 jackals (D:9)
  4 bats (Lair:3)
  A kobold (D:7)
31 creatures vanquished.

Vanquished Creatures (others)
  A hungry ghost (D:8)
  A water moccasin zombie (Ossuary)
  A bullfrog zombie (D:9)
  A mummy (Ossuary)
  2 adder zombies (Ossuary)
  A jackal (D:2)
  A gnoll zombie (Ossuary)
  3 kobold zombies (Ossuary)
  2 orc zombies (Ossuary)
  A fungus (Lair:1)
14 creatures vanquished.

Grand Total: 371 creatures vanquished

Notes
Turn   | Place    | Note
-------+----------+-------------------------------------------
     0 | D:1      | junb69 the Mummy Necromancer began the quest for the Orb.
     0 | D:1      | Reached XP level 1. HP: 13/13 MP: 3/3
   242 | D:1      | Reached XP level 2. HP: 15/19 MP: 0/5
   797 | D:2      | Reached XP level 3. HP: 24/24 MP: 6/6
   917 | D:2      | Noticed an earth elemental
   934 | D:2      | Found a stormy altar of Qazlal.
   962 | D:2      | Noticed a fire elemental
  1087 | D:2      | Noticed an air elemental
  1087 | D:2      | Noticed a water elemental
  1224 | D:2      | Reached skill level 5 in Necromancy
  1276 | D:2      | Learned a level 3 spell: Vampiric Draining
  1298 | D:2      | Reached XP level 4. HP: 25/30 MP: 4/8
  1305 | D:2      | Learned a level 4 spell: Animate Dead
  1723 | D:3      | Found a shadowy altar of Dithmenos.
  2596 | D:3      | Reached XP level 5. HP: 35/35 MP: 5/10
  3064 | D:4      | Found a staircase to the Ecumenical Temple.
  3073 | Temple   | Entered the Ecumenical Temple
  4262 | D:5      | Entered Level 5 of the Dungeon
  4280 | D:5      | Noticed Kokiki's ghost (amateur HuFi)
  4422 | D:5      | Noticed an orc warrior
  4614 | D:5      | Found a sand-covered staircase.
  4615 | D:5      | Noticed Grinder
  4630 | Ossuary  | Entered an ossuary
  5063 | Ossuary  | Learned a level 4 spell: Control Undead
  5204 | Ossuary  | Reached XP level 6. HP: 41/41 MP: 12/12
  5466 | D:5      | Got a faintly glowing bronze ring
  5469 | D:5      | Identified the ring of False Pretenses {*Tele rC- rN+ Int+2} (You found it on level 5 of the Dungeon)
  5522 | D:5      | Learned a level 2 spell: Passwall
  5686 | D:5      | Found a radiant altar of Vehumet.
  5879 | D:6      | Found a runed door.
  5879 | D:6      | Noticed a soldier ant
  5880 | D:6      | Noticed a soldier ant
  5881 | D:6      | Found a runed gate.
  5883 | D:6      | Noticed a soldier ant
  5939 | D:6      | Found a runed gate.
  5939 | D:6      | Found a runed gate.
  5941 | D:6      | Noticed a soldier ant
  5941 | D:6      | Noticed a water moccasin
  5941 | D:6      | Noticed a water moccasin
  5981 | D:6      | Noticed Edmund
  6021 | D:6      | Killed Edmund
  6021 | D:6      | Reached skill level 5 in Spellcasting
  6021 | D:6      | Reached XP level 7. HP: 20/46 MP: 1/14
  6150 | D:6      | Found a sparkling altar of Nemelex Xobeh.
  6188 | D:6      | Found a shattered altar of Ashenzari.
  6195 | D:6      | Became a worshipper of Ashenzari the Shackled
  6210 | D:6      | Noticed Eustachio
  6233 | D:6      | Killed Eustachio
  6299 | D:6      | Found a glowing drain.
  6306 | Sewer    | Entered a sewer
  6387 | Sewer    | Noticed Purgy
  6427 | Sewer    | Killed Purgy
  6641 | D:6      | Noticed Blork the orc
  6649 | D:6      | Killed Blork the orc
  6676 | D:6      | Found an iron altar of Okawaru.
  6677 | D:6      | Found a white marble altar of Elyvilon.
  6679 | D:6      | Found an ancient bone altar of Kikubaaqudgha.
  6716 | D:6      | Reached XP level 8. HP: 49/53 MP: 17/17
  6905 | D:6      | Reached skill level 1 in Fighting
  7150 | D:6      | Found a runed door.
  7388 | D:7      | Reached skill level 2 in Fighting
  7963 | D:7      | Reached * piety under Ashenzari
  8240 | D:7      | Reached skill level 3 in Fighting
  8405 | D:8      | Found Zucapten's Armour Shop.
  8414 | D:8      | Bought a +1 pair of boots of flying for 214 gold pieces
  8414 | D:8      | Bought a +0 cloak for 58 gold pieces
  8638 | D:8      | Noticed a hippogriff
  8653 | D:8      | Killed a hippogriff
  8942 | D:8      | Reached XP level 9. HP: 49/65 MP: 18/18
  8947 | D:8      | Reached skill level 4 in Fighting
  9120 | D:8      | Identified the +7 quarterstaff of Success {crush, +Inv Str+2 Dex-3}
  9328 | D:8      | Found a stormy altar of Qazlal.
  9383 | D:8      | Found an opulent altar of Gozag.
  9803 | D:9      | Reached skill level 5 in Fighting
  9948 | D:9      | Found a staircase to the Lair.
 10013 | D:9      | Reached skill level 5 in Dodging
 10061 | D:9      | Noticed a troll
 10126 | D:9      | Killed a troll
 10446 | D:9      | Reached skill level 6 in Fighting
 10550 | D:9      | Reached ** piety under Ashenzari
 10557 | D:9      | Found a snail-covered altar of Cheibriados.
 10671 | D:9      | Noticed a troll
 10846 | D:9      | Killed a troll
 10846 | D:9      | Reached XP level 10. HP: 62/76 MP: 15/19
 11396 | D:9      | Found Jauj's Food Emporium.
 11448 | D:10     | Entered Level 10 of the Dungeon
 11467 | D:10     | Noticed a gargoyle
 11528 | D:10     | Reached skill level 7 in Fighting
 11668 | D:10     | Reached skill level 1 in Staves
 11847 | D:10     | Noticed a hill giant
 11875 | D:10     | Killed a hill giant
 12237 | D:10     | Noticed a centaur warrior
 12248 | D:10     | Killed a centaur warrior
 12463 | D:9      | Reached skill level 8 in Fighting
 12623 | Lair:1   | Entered Level 1 of the Lair of Beasts
 12623 | Lair:1   | Found a deep blue altar of Sif Muna.
 12644 | Lair:1   | Noticed a spiny frog
 12655 | Lair:1   | Killed a spiny frog
 12826 | Lair:1   | Reached *** piety under Ashenzari
 13149 | Lair:1   | Reached XP level 11. HP: 80/87 MP: 15/20
 14372 | Lair:2   | Reached **** piety under Ashenzari
 14430 | Lair:2   | Reached skill level 9 in Fighting
 14507 | Lair:2   | Found a shadowy altar of Dithmenos.
 14507 | Lair:2   | Noticed an oklob plant
 14657 | Lair:2   | Found a staircase to the Swamp.
 15000 | Lair:1   | Reached skill level 5 in Staves
 15803 | Lair:3   | Found a hole to the Spider Nest.
 16222 | Lair:4   | Noticed a fire dragon
 16258 | Lair:4   | Noticed a death yak
 16259 | Lair:4   | Noticed a death yak
 16295 | Lair:4   | Noticed a death yak
 16307 | Lair:4   | Noticed a seven-headed hydra
 16337 | Lair:3   | Killed a death yak
 16337 | Lair:3   | Reached skill level 10 in Fighting
 16901 | Lair:2   | Mangled by a death yak

Vault maps used:
D:1:      roderic_octagonal_star, minmay_misc_feat_tiny
D:2:      nicolae_qazlal_style_of_elements
D:3:      minmay_door_path, grunt_dithmenos_smoke_and_mirrors
D:4:      first_bread, minmay_misc_feat_x
D:5:      nicolae_overflow_hidden_temple, enter_ossuary_1, uniq_grinder
D:6:      grunt_temple_overflow_open, overflow_temple_1_default,
          old_standard_altar, portal_sewer_entry_d, hex_tiny,
          minmay_misc_feat_chi, minmay_guarded_unrand_staff_of_olgreb,
          uniq_eustachio, uniq_edmund, uniq_blork_the_orc
D:8:      lemuel_doored_altar, nicolae_gozag_seed_capital, serial_shops,
          nicolae_shop_trees, hangedman_pestilent_swarm
D:9:      slow_altar_2, erik_lair_island, serial_shops,
          nicolae_shop_behind_doors
Temple:   minmay_temple_curvy_loop
Lair:1:   basic_altar, st_stairs_11
Lair:2:   swamp_mist_pool, lemuel_oklob_altar, grunt_megastairs_4
Lair:3:   spider_nest_entry_funnel_web, serial_bayou_ford_a, roderic_batcave
Lair:4:   dragon1_lemuel, beast_lair_carwin_8
Sewer:    kennysheep_door_sewer
Ossuary:  ossuary_tomb_2

Skill      XL: |  1  2  3  4  5  6  7  8  9 10 11 |
---------------+----------------------------------+-----
Necromancy     | 5 6 7 8 9 |  9.0
Spellcasting   | 3 4 5 6 |  6.0
Fighting       | 3 6 8 10 | 10.0
Dodging        | 3 5 7 8 |  8.9
Stealth        | 2 4 |  4.5
Staves         | 3 6 |  6.0

Action                   |  1- 3 |  4- 6 |  7- 9 | 10-12 || total
-------------------------+-------+-------+-------+-------++-------
Melee: Spear             |    49 |   145 |   128 |     8 ||   330
       Quarterstaff      |       |       |       |   170 ||   170
 Cast: Pain              |    47 |    90 |   197 |   187 ||   521
       Animate Dead      |       |     5 |     4 |    54 ||    63
       Vampiric Draining |       |     9 |    57 |   119 ||   185
       Passwall          |       |     2 |       |       ||     2
       Control Undead    |       |       |     9 |     1 ||    10
Invok: Curse Item        |       |       |     8 |     1 ||     9
Evoke: Wand              |       |     1 |    11 |       ||    12
  Use: Scroll            |       |    11 |     3 |     9 ||    23
 Stab: Sleeping          |     3 |     8 |     2 |     3 ||    16
       Distracted        |       |       |       |     1 ||     1
Armor: Robe              |     5 |    18 |    46 |    58 ||   127
Dodge: Dodged            |    27 |    59 |   144 |   247 ||   477
Block: Other             |       |       |     7 |    28 ||    35
